 Dungeon Crawl Stone Soup version 0.17-a0-1939-ga475588 (webtiles) character file.

46 ololoev the Slasher (level 3, 0/26 HPs)
             Began as a High Elf Fighter on Sept 29, 2015.
             Slain by a rat (2 damage)
             ... on level 1 of the Dungeon.
             The game lasted 00:01:35 (197 turns).

ololoev the Slasher (High Elf Fighter)               Turns: 197, Time: 00:01:35

Health: 0/26       AC:  6    Str: 16    XL:     3   Next: 44%
Magic:  4/4        EV:  6    Int: 12    God:
Gold:   18         SH:  8    Dex: 14    Spells: 0 memorised, 2 levels left

rFire  . . .     SeeInvis .     a - +0 long sword
rCold  . . .     Clarity  .     b - +0 scale mail
rNeg   . . .     SustAt   .     c - +0 shield
rPois  .         Gourm    .     (no helmet)
rElec  .         Spirit   .     (no cloak)
rCorr  .         Warding  .     (no gloves)
rMut   .         Rnd*Tele +     (no boots)
MR     .....                    (no amulet)
Stlth  ..........               (no ring)
                                d - ring of teleportation (curse)

@: not resistant to hostile enchantments, extremely unstealthy
A: no striking features
a: Evoke Teleportation

Inventory:

Hand weapons
 a - a +0 long sword (weapon)
Armour
 b - a +0 scale mail (worn)
 c - a +0 shield (worn)
Jewellery
 d - a cursed ring of teleportation (left hand)
Scrolls
 f - a scroll of identify {unknown}
Comestibles
 e - a bread ration
 g - 4 chunks of flesh


   Skills:
 + Level 3.4 Fighting
 * Level 3.6 Long Blades
 + Level 3.1 Armour
 - Level 2.6 Shields


You had 2 spell levels left.
You didn't know any spells.


You were on level 1 of the Dungeon.
You were not hungry.

You visited 1 branch of the dungeon, and saw 2 of its levels.

You collected 18 gold pieces.

.#.#.†##
...#...# .. .#
....#..# #.#.#
≈.....## #.#..
≈≈....# #.#.#
≈≈..#.# #.#.#
≈≈≈.### #.#.#
#### ≈≈≈..#
#.r.# ....
.≈.≈.#
#.##@.##.....
..≈≈.#
#........####
.≈≈≈.#
#######.#......
≈≈≈..#
........#..###.
≈≈≈..##
###............
≈≈....#
#####>#..###.
≈≈....#
...............
≈.....#
#######.#.#....
..#...#
#.#.#....

Notes
Turn   | Place    | Note
--------------------------------------------------------------
     0 | D:1      | ololoev the High Elf Fighter began the quest for the Orb.
     0 | D:1      | Reached XP level 1. HP: 16/16 MP: 2/2
    98 | D:1      | Reached XP level 2. HP: 10/21 MP: 3/3
   137 | D:2      | Noticed Ijyb
   147 | D:2      | Killed Ijyb
   147 | D:2      | Reached XP level 3. HP: 2/26 MP: 4/4
   148 | D:2      | HP: 1/26 [bat (1)]
   197 | D:1      | Slain by a rat

Dungeon Overview and Level Annotations

Branches:
Dungeon (2/15)

Altars:


Message History

A giant gecko comes into view.
You see here a blackened silver ring.
d - a blackened silver ring
There is a stone staircase leading up here.
You closely miss the giant gecko.
The giant gecko bites you but does no damage.
You block the giant gecko's attack.
Your scale mail prevents you from hitting the giant gecko.
You block the giant gecko's attack.
You closely miss the giant gecko.
The giant gecko bites you but does no damage.
The giant gecko bites you.
You slash the giant gecko!
You kill the giant gecko!
You see here a giant gecko corpse.
Put on which piece of jewellery? (? for menu, Esc to quit)
You feel slightly jumpy.
Oops, that ring feels deathly cold.
d - a cursed ring of teleportation (left hand) Read which item? (? for menu, Esc to quit)
As you read the scroll labeled GOOW SUAJEHU, it crumbles to dust.
Your nose twitches suddenly!
It was a scroll of random uselessness.
You feel a little less mighty now.
There is a stone staircase leading up here.
Things that are here:
a dagger; the goblin corpse of Ijyb You butcher the goblin corpse of Ijyb.
g - 4 chunks of flesh (gained 1)
You see here a dagger.
f - a scroll labeled JUEKIH POQAUPS
There is a stone staircase leading up here.
You climb upwards.
Found 7 gold pieces.
There is a stone staircase leading down here.
A rat comes into view.
You see here 7 gold pieces.
You now have 18 gold pieces (gained 7).
You hit the rat but do no damage. The rat bites you.
You closely miss the rat. The rat bites you but does no damage.
You hit the rat but do no damage. The rat bites you.
You die...

You could see a rat.

Vanquished Creatures
  Ijyb (D:2)
  2 giant geckos (D:2)
  2 bats
  A goblin (D:1)
  4 jackals (D:1)
  2 kobolds (D:1)
  A quokka (D:2)
  A rat (D:1)
14 creatures vanquished.

Action                   || total
-------------------------++-------
Melee: Long sword        ||    58
  Use: Potion            ||     1
       Scroll            ||     1

Vault maps used:
D:1:      dpeg_arrival_subterranean_lakeside_camping
D:2:      first_bread, ecumenical_altar_1, uniq_iyjb
